 Dungeon Crawl Stone Soup version 0.30.0-20-g3615ddf2f0 (webtiles) character file.

Game seed: 8078533110401519720

821 qw the Chopper (level 7, -13/44 HPs)
             Began as a Gargoyle Fighter on May 29, 2023.
             Mangled by an ogre
             ... wielding a +0 giant club
              (22 damage)
             ... on level 4 of the Dungeon.
             The game lasted 00:01:57 (3952 turns).

qw the Chopper (Gargoyle Fighter)                   Turns: 3952, Time: 00:01:58

Health: -13/44     AC: 14    Str: 21    XL:     7   Next: 95%
Magic:  7/7        EV:  8    Int:  9    God:
Gold:   116        SH:  4    Dex:  9    Spells: 6/6 levels left

rFire   . . .        Y - +0 war axe
rCold   . . .        c - +0 buckler
rNeg    + . .        e - +0 chain mail
rPois   inf          n - +1 hat
rElec   +            (no cloak)
rCorr   .            (no gloves)
SInv    .            (no boots)
Will    .....        (no amulet) Stlth
                     (no ring)
HPRegen 0.27/turn    (no ring)
MPRegen 0.10/turn

%: no passive effects
@: about to teleport
A: sickness immunity, AC +4, negative energy resistance 1, electricity
resistance, torment resistance 1, petrification resistance
a: no special abilities


You were on level 4 of the Dungeon.
You visited 1 branch of the dungeon, and saw 4 of its levels.

You collected 116 gold pieces.


Innate Abilities, Weirdness & Mutations

You are immune to sickness and miasma.
Your stone body is resilient. (AC +4)
You are immune to poison.
You resist negative energy. (rN+)
You are resistant to electric shocks. (rElec)
You are resistant to unholy torment.
You are immune to petrification.


   Skills:
 - Level 5.0 Fighting
 + Level 7.2 Axes
 - Level 3.2 Armour
 - Level 1.0 Dodging
 - Level 3.2 Shields


You had 6 spell levels left.
You didn't know any spells.
Your spell library was empty.

Inventory:

Hand Weapons
 a - a +0 flail of protection
 Y - a +0 war axe (weapon)
Armour
 c - a +0 buckler (worn)
 e - a +0 chain mail (worn)
 n - a +1 hat (worn)
Wands
 i - a wand of digging (2)
Scrolls
 k - a scroll of identify
Potions
 d - a potion of might
 f - a potion of haste
 g - a potion of attraction
 p - a potion of mutation

Dungeon Overview and Level Annotations

Branches:
Dungeon (4/15)
 Temple: D:4-7

Altars:
Uskayaw
Wu Jian


Message History

Enter note:
Enter note:
Enter note:
Enter note:
Enter note:
Found a scroll of poison.
Enter note:
Enter note:
Enter note:
Enter note:
Enter note:
Enter note:
Enter note:
Enter note:
Enter note: A giant cockroach comes into view.
You hit the ogre.
The ogre is lightly wounded.
The ogre hits you with a +0 giant club!!
Ouch! That really hurt!
You completely miss the ogre.
The ogre is lightly wounded.
You block the ogre's attack.
You barely miss the ogre.
The ogre is lightly wounded.
The ogre hits you with a +0 giant club!
3950 ||| READING scroll of teleportation.
As you read the scroll of teleportation, it crumbles to dust.
You feel strangely unstable.
You slash the ogre!
The ogre is moderately wounded.
You block the ogre's attack.
The giant cockroach bites you but does no damage.
You hit the ogre.
The ogre is moderately wounded.
You hit the giant cockroach but do no damage.
The giant cockroach barely misses you.
The ogre hits you with a +0 giant club!!
Ouch! That really hurt!
You die...

.#### ....# .##.# .##.#
.##.# .##.# ....########
.......#...#########
.#.##...........@B.#
###.#..#...######O......
# ##...##### ?.####.
###.##.# ..!. .#..##.#
.##.# .......# .# .#
.....### .. . #.#..#
####### ## # #.#..#
#.....#


You could see an ogre and a giant cockroach.

Vanquished Creatures
  Sigmund (D:3)
  Menkaure (D:4)
  A black bear (D:3)
  A jelly (D:3)
  2 orc priests (D:4)
  Jessica (D:3)
  Ijyb (D:3)
  Terence (D:2)
  5 orc wizards
  3 gnolls (D:4)
  5 adders
  A dart slug (D:2)
  17 orcs
  3 endoplasms
  A giant cockroach (D:3)
  4 goblins
  6 hobgoblins
  3 jackals (D:2)
  7 quokkas
  8 ball pythons
  2 bats
  4 kobolds
  6 rats
84 creatures vanquished.

Notes
Turn   | Place    | Note
-------+----------+-------------------------------------------
     0 | D:1      | qw the Gargoyle Fighter began the quest for the Orb.
     0 | D:1      | Reached XP level 1. HP: 14/14 MP: 1/1
     0 | D:1      | 0 ||| qw: Version: 0.2-a-102-g2b76a06
     0 | D:1      | 0 ||| qw: Game counter: 416
     0 | D:1      | 0 ||| qw: Always use a shield: true
     0 | D:1      | 0 ||| qw: God list: Okawaru
     0 | D:1      | 0 ||| qw: Allow faded altars: false
     0 | D:1      | 0 ||| qw: Do Orc after D:15 true
     0 | D:1      | 0 ||| qw: Do second Lair branch before Depths: true
     0 | D:1      | 0 ||| qw: Lair rune preference: random
     0 | D:1      | 0 ||| qw: Plans: Normal, Zot:1-4, Slime:5, God:TSO, Crypt,
                  | Tomb, Pan, Hells, Abyss, Win
     0 | D:1      | 0 ||| PLANNING D:1-11
   155 | D:1      | Reached skill level 2 in Axes
   273 | D:1      | Reached XP level 2. HP: 18/19 MP: 2/2
   402 | D:1      | 402 ||| Stepping ~*~*~tactically~*~*~ (stealth).
   784 | D:1      | 784 ||| UPGRADING to +1 hat.
   789 | D:1      | 789 ||| READING scroll labelled REINIC FOSS.
   790 | D:1      | 790 ||| READING scroll labelled MUHUOSTRU QIEV.
   791 | D:1      | 791 ||| READING scroll labelled BANOLU EDWA.
   794 | D:1      | 794 ||| READING scroll labelled YMYXIA JIPHAR.
   795 | D:1      | 795 ||| READING scroll labelled GUUZYE NEOMN.
   796 | D:1      | 796 ||| READING scroll labelled CUUVVI DOING.
   797 | D:1      | 797 ||| DRINKING 2 smoky blue potions.
   818 | D:2      | Reached skill level 3 in Axes
   892 | D:2      | Reached XP level 3. HP: 23/23 MP: 3/3
  1060 | D:2      | Noticed Terence
  1075 | D:2      | Killed Terence
  1135 | D:2      | Reached XP level 4. HP: 26/28 MP: 4/4
  1344 | D:2      | 1344 ||| Stepping ~*~*~tactically~*~*~ (hiding).
  1355 | D:2      | Reached skill level 4 in Axes
  1694 | D:2      | 1694 ||| UPGRADING to +0 chain mail.
  1704 | D:2      | 1704 ||| DROPPING +0 scale mail.
  1705 | D:2      | 1705 ||| READING 3 scrolls labelled SATUNNISOM.
  1706 | D:2      | 1706 ||| READING scroll labelled OVYASU LEDWAIX.
  1707 | D:2      | 1707 ||| DROPPING 2 scrolls of fear.
  1757 | D:3      | Noticed Sigmund
  1765 | D:3      | Killed Sigmund
  1766 | D:3      | Reached skill level 5 in Axes
  1766 | D:3      | Reached XP level 5. HP: 17/32 MP: 5/5
  1766 | D:3      | Reached XP level 6. HP: 20/37 MP: 6/6
  1885 | D:3      | 1885 ||| Stepping ~*~*~tactically~*~*~ (stealth).
  1887 | D:3      | 1887 ||| Stepping ~*~*~tactically~*~*~ (stealth).
  1889 | D:3      | 1889 ||| Stepping ~*~*~tactically~*~*~ (hiding).
  1891 | D:3      | 1891 ||| Stepping ~*~*~tactically~*~*~ (hiding).
  1892 | D:3      | 1892 ||| Stepping ~*~*~tactically~*~*~ (hiding).
  1913 | D:3      | 1913 ||| DROPPING +0 whip.
  2060 | D:3      | Found a hide-covered altar of Uskayaw.
  2181 | D:3      | Noticed a black bear
  2192 | D:3      | HP: 8/38 [black bear (3)]
  2193 | D:3      | 2193 ||| READING scroll of teleportation.
  2194 | D:3      | Killed a black bear
  2357 | D:3      | Noticed Jessica
  2360 | D:3      | Killed Jessica
  2623 | D:3      | Noticed Ijyb
  2647 | D:3      | Killed Ijyb
  2747 | D:3      | 2747 ||| READING scroll labelled DOHAGG LUG ZIE.
  2778 | D:3      | 2778 ||| DRINKING 4 golden potions.
  2779 | D:3      | 2779 ||| READING 5 scrolls of identify.
  2779 | D:3      | 2779 ||| IDENTIFYING bubbling puce potion
  2780 | D:3      | 2780 ||| READING 4 scrolls of identify.
  2780 | D:3      | 2780 ||| IDENTIFYING yellow potion
  2781 | D:3      | 2781 ||| READING 3 scrolls of identify.
  2781 | D:3      | 2781 ||| IDENTIFYING brown potion
  2782 | D:3      | 2782 ||| READING 2 scrolls of identify.
  2782 | D:3      | 2782 ||| IDENTIFYING metallic cyan potion
  2783 | D:3      | 2783 ||| DROPPING potion of ambrosia.
  2796 | D:4      | 2796 ||| DRINKING potion of curing.
  2796 | D:4      | 2796 ||| (to cure confusion)
  2805 | D:4      | Reached skill level 6 in Axes
  2805 | D:4      | Reached XP level 7. HP: 25/44 MP: 7/7
  2911 | D:4      | 2911 ||| DROPPING +0 flail.
  2975 | D:4      | 2975 ||| Stepping ~*~*~tactically~*~*~ (hiding).
  2986 | D:4      | Noticed Menkaure
  3019 | D:4      | HP: 11/44 [something (1)]
  3020 | D:4      | 3020 ||| DRINKING 3 potions of heal wounds.
  3028 | D:4      | Reached skill level 1 in Dodging
  3029 | D:4      | 3029 ||| FLEEEEING.
  3032 | D:4      | 3032 ||| FLEEEEING.
  3033 | D:4      | 3033 ||| FLEEEEING.
  3034 | D:4      | 3034 ||| STAIRDANCE
  3152 | D:4      | 3152 ||| STAIRDANCE
  3190 | D:4      | Killed Menkaure
  3386 | D:4      | Found an ornate altar of the Wu Jian Council.
  3435 | D:4      | 3435 ||| FLEEEEING.
  3436 | D:4      | 3436 ||| FLEEEEING.
  3437 | D:4      | 3437 ||| STAIRDANCE
  3470 | D:3      | 3470 ||| READING 2 scrolls of identify.
  3470 | D:3      | 3470 ||| IDENTIFYING metallic green potion
  3471 | D:3      | 3471 ||| DROPPING potion of berserk rage.
  3474 | D:4      | 3474 ||| STAIRDANCE
  3479 | D:3      | Reached skill level 7 in Axes
  3528 | D:4      | HP: 5/44 [orc priest/divine providence (15)]
  3529 | D:4      | 3529 ||| DRINKING 2 potions of heal wounds.
  3541 | D:4      | HP: 8/44 [orc priest/divine providence (9)]
  3541 | D:4      | HP: 2/44 [something (2)]
  3542 | D:4      | 3542 ||| DRINKING potion of heal wounds.
  3578 | D:4      | 3578 ||| FLEEEEING.
  3580 | D:4      | 3580 ||| STAIRDANCE
  3741 | D:4      | 3741 ||| Stepping ~*~*~tactically~*~*~ (hiding).
  3949 | D:4      | HP: 8/44 [ogre/+0 giant club (14)]
  3950 | D:4      | 3950 ||| READING scroll of teleportation.
  3952 | D:4      | Mangled by an ogre

Levels and vault maps discovered:
D:1:      dpeg_arrival_arbitrary_b, layout_loops_ring, serial_aquarium,
          aquarium_bridge_long_joined [aquarium_subvault_wall,
          aquarium_subvault_wall, aquarium_subvault_bridge,
          aquarium_subvault_window, aquarium_subvault_wall,
          aquarium_subvault_window], aquarium_bridge_straight
          [aquarium_subvault_bridge, aquarium_subvault_balcony,
          aquarium_subvault_bridge, aquarium_subvault_wall],
          aquarium_window_fake, aquarium_window_2, aquarium_view_2f,
          minmay_heptomino_d4
D:2:      layout_basic, grunt_ministairs_2, grunt_decor_cap,
          minmay_misc_feat_doors, chequers_serial_rivers_large_a,
          corexii_leaking_fountain, uniq_terence
D:3:      minmay_skewed_foursquare, layout_basic,
          nicolae_uskayaw_murder_on_the_dancefloor, uniq_sigmund, uniq_ijyb,
          uniq_jessica
D:4:      layout_loops_cross, nicolae_wu_jian_wuxing_cycle, uniq_menkaure

Skill      XL: |  1  2  3  4  5  6  7 |
---------------+----------------------+-----
Axes           | 2 3 5 6 7 |  7.2
Fighting       | 4 5 |  5.0
Dodging        | 1 |  1.0
Armour         | |  3.2
Shields        | |  3.2

Action                     |  1- 3 |  4- 6 |  7- 9 || total
---------------------------+-------+-------+-------++-------
  Melee: War axe           |    79 |    99 |   118 ||   296
  Throw: Boomerang         |     9 |       |       ||     9
    Use: Scroll            |     6 |     8 |     2 ||    16
         Potion            |     1 |     2 |     3 ||     6
 Armour: Scale mail        |    39 |     2 |       ||    41
         Chain mail        |       |    80 |   131 ||   211
  Dodge: Dodged            |    37 |    38 |    45 ||   120
  Block: Buckler           |    18 |    23 |    21 ||    62

Table legend:
 A = Non-vault XP
 B = Vault XP
 C = Vault XP percentage of total XP
 D = Non-vault monster count
 E = Vault monster count
 F = Vault count percentage of total count
                 A         B        C        D         E       F
            +---------+---------+-------+---------+---------+-------
      Total |     656 |     517 |  44.1 |      72 |      12 |  14.3
            +---------+---------+-------+---------+---------+-------
        D:1 |      22 |       6 |  21.4 |      14 |       3 |  17.6
        D:2 |      33 |      40 |  54.8 |      12 |       3 |  20.0
        D:3 |     281 |     299 |  51.6 |      20 |       5 |  20.0
        D:4 |     320 |     172 |  35.0 |      26 |       1 |   3.7
            +---------+---------+-------+---------+---------+-------
